| TOP OF THE 1ST |
|
University of Alabama Crimson Tide batting - Pitching for Mississippi State University Bulldogs : RHP Gary Gamble
|
|
Pitching: RHP Gary Gamble
|
|
|
Batting: RHB Danny Rosario
|
0-0: Swinging Strike 0-1: Foul Ball, location: 2F 0-2: Strikes out looking
|
|
Batting: RHB David Sanchez
|
0-0: Ball 1-0: Foul Ball, location: 2F 1-1: Called Strike 1-2: Hit by Pitch
|
|
Batting: RHB B.J. Clark
|
0-0: Grounds into double play, 4-6-3 (Groundball, 4, EV 86.9 MPH)
|
| Top of the 1st over - 0 runs, 0 hits, 0 errors, 0 left on base; University of Alabama 0 - Mississippi State University 0 |
| BOTTOM OF THE 1ST |
|
Mississippi State University Bulldogs batting - Pitching for University of Alabama Crimson Tide : LHP Bei Tsung
|
|
Pitching: LHP Bei Tsung
|
|
|
Batting: RHB Logan Strassburg
|
0-0: Called Strike 0-1: Foul Ball, location: 2F 0-2: Ball 1-2: Ball 2-2: Foul Ball, location: 2F 2-2: Foul Ball, location: 2F 2-2: Ball 3-2: Strikes out swinging, 2-3 out at first.
|
|
Batting: SHB Toshinori Shimabukuro
|
0-0: Ball 1-0: Ball 2-0: Ball 3-0: Called Strike 3-1: SINGLE (Line Drive, 9LS, EV 95.6 MPH)
|
|
Batting: RHB Masahito Sunada
|
0-0: Called Strike 0-1: Swinging Strike 0-2: Ball 1-2: Ball 2-2: Strikes out swinging
|
|
Batting: SHB Shou-xin Ouyang
|
0-0: Called Strike 0-1: Called Strike 0-2: Strikes out looking
|
| Bottom of the 1st over - 0 runs, 1 hit, 0 errors, 1 left on base; University of Alabama 0 - Mississippi State University 0 |
| TOP OF THE 2ND |
|
University of Alabama Crimson Tide batting - Pitching for Mississippi State University Bulldogs : RHP Gary Gamble
|
|
Batting: RHB Al Lara
|
0-0: Called Strike 0-1: Called Strike 0-2: Ball 1-2: Strikes out swinging
|
|
Batting: LHB Matt Barkley
|
0-0: Ball 1-0: Swinging Strike 1-1: Ball 2-1: Called Strike 2-2: DOUBLE (Line Drive, 78D, EV 104.4 MPH)
|
|
Batting: RHB Danny Jaramillo
|
0-0: SINGLE (Line Drive, 9S, EV 95.6 MPH) Matt Barkley to third Runner from 3rd tries for Home, throw by RF and OUT! 9-2
|
|
Batting: RHB Hughie Withers
|
0-0: Swinging Strike 0-1: 2-RUN HOME RUN (Flyball, 78XD, EV 108.8 MPH), Distance : 418 ft
|
|
Batting: LHB Platon Protopsaltis
|
0-0: Foul Ball, location: 2F 0-1: Ball 1-1: Ball 2-1: Ball 3-1: Foul Ball, location: 2F 3-2: Foul Ball, location: 2F 3-2: Strikes out swinging
|
| Top of the 2nd over - 2 runs, 3 hits, 0 errors, 0 left on base; University of Alabama 2 - Mississippi State University 0 |
| BOTTOM OF THE 2ND |
|
Mississippi State University Bulldogs batting - Pitching for University of Alabama Crimson Tide : LHP Bei Tsung
|
|
Batting: RHB Karl Lukasiewicz
|
0-0: Called Strike 0-1: Ball 1-1: Ball 2-1: Ball 3-1: Foul Ball, location: 2F 3-2: Strikes out swinging
|
|
Batting: RHB Bill Petipas
|
0-0: Called Strike 0-1: Ball 1-1: Foul Ball, location: 2F 1-2: Ball 2-2: Strikes out looking
|
|
Batting: LHB Tom Ploughman
|
0-0: Fly out, F7 (Flyball, 7, EV 84.4 MPH)
|
| Bottom of the 2nd over - 0 runs, 0 hits, 0 errors, 0 left on base; University of Alabama 2 - Mississippi State University 0 |
| TOP OF THE 3RD |
|
University of Alabama Crimson Tide batting - Pitching for Mississippi State University Bulldogs : RHP Gary Gamble
|
|
Batting: RHB Jong-your Lee
|
0-0: Ball 1-0: SINGLE (Line Drive, 8LS, EV 108.8 MPH)
|
|
Batting: RHB Danny Rosario
|
0-0: Called Strike Jong-your Lee steals 2nd base 0-1: Ball 1-1: Ground out 4-3 (Groundball, 34, EV 83.8 MPH) Jong-your Lee to third
|
|
Batting: RHB David Sanchez
|
0-0: Swinging Strike 0-1: Ball 1-1: Swinging Strike 1-2: Fly out, F9 (Flyball, 89D, EV 90.0 MPH) Runner from 3rd tags up, SCORES, throw by RF
|
|
Batting: RHB B.J. Clark
|
0-0: Called Strike 0-1: SINGLE (Groundball, 56D, EV 87.5 MPH) (infield hit)
|
|
Batting: RHB Al Lara
|
0-0: Called Strike 0-1: Ball 1-1: Ball 2-1: Called Strike 2-2: Foul Ball, location: 2F 2-2: Fly out, F7 (Flyball, 78S, EV 87.5 MPH)
|
| Top of the 3rd over - 1 run, 2 hits, 0 errors, 1 left on base; University of Alabama 3 - Mississippi State University 0 |
| BOTTOM OF THE 3RD |
|
Mississippi State University Bulldogs batting - Pitching for University of Alabama Crimson Tide : LHP Bei Tsung
|
|
Batting: RHB Oscar Vargas
|
0-0: Called Strike 0-1: Ball 1-1: Swinging Strike 1-2: Foul Ball, location: 2F 1-2: Strikes out looking
|
|
Batting: SHB Jim Rutherford
|
0-0: Called Strike 0-1: Ball 1-1: Foul Ball, location: 2F 1-2: Ball 2-2: Fly out, F9 (Flyball, 9, EV 85.6 MPH)
|
|
Batting: RHB Logan Strassburg
|
0-0: Ball 1-0: Ground out 6-3 (Groundball, 6, EV 86.2 MPH)
|
| Bottom of the 3rd over - 0 runs, 0 hits, 0 errors, 0 left on base; University of Alabama 3 - Mississippi State University 0 |
| TOP OF THE 4TH |
|
University of Alabama Crimson Tide batting - Pitching for Mississippi State University Bulldogs : RHP Gary Gamble
|
|
Batting: LHB Matt Barkley
|
0-0: Ball 1-0: Called Strike 1-1: Ball 2-1: Ball 3-1: Swinging Strike 3-2: Strikes out swinging
|
|
Batting: RHB Danny Jaramillo
|
0-0: Ball 1-0: Ground out 5-3 (Groundball, 5L, EV 90.6 MPH)
|
|
Batting: RHB Hughie Withers
|
0-0: Ball 1-0: Ball 2-0: Called Strike 2-1: Fly out, F7 (Flyball, 7D, EV 90.6 MPH)
|
| Top of the 4th over - 0 runs, 0 hits, 0 errors, 0 left on base; University of Alabama 3 - Mississippi State University 0 |
| BOTTOM OF THE 4TH |
|
Mississippi State University Bulldogs batting - Pitching for University of Alabama Crimson Tide : LHP Bei Tsung
|
|
Batting: SHB Toshinori Shimabukuro
|
0-0: Ground out U3 (Groundball, 34, EV 81.2 MPH)
|
|
Batting: RHB Masahito Sunada
|
0-0: Called Strike 0-1: Ball 1-1: Swinging Strike 1-2: Foul Ball, location: 2F 1-2: SINGLE (Line Drive, 6, EV 95.0 MPH)
|
|
Batting: SHB Shou-xin Ouyang
|
0-0: Ball 1-0: Ball 2-0: Ball 3-0: Called Strike 3-1: Foul Ball, location: 2F 3-2: Strikes out looking
|
|
Batting: RHB Karl Lukasiewicz
|
0-0: Ball 1-0: Fielders Choice at 2nd, 5-4 (Groundball, 5L, EV 92.5 MPH)
|
| Bottom of the 4th over - 0 runs, 1 hit, 0 errors, 1 left on base; University of Alabama 3 - Mississippi State University 0 |
| TOP OF THE 5TH |
|
University of Alabama Crimson Tide batting - Pitching for Mississippi State University Bulldogs : RHP Gary Gamble
|
|
Batting: LHB Platon Protopsaltis
|
0-0: Fly out, F7 (Flyball, 78M, EV 83.8 MPH)
|
|
Batting: RHB Jong-your Lee
|
0-0: Called Strike 0-1: Foul Ball, location: 2F 0-2: Strikes out swinging
|
|
Batting: RHB Danny Rosario
|
0-0: Ground out 6-3 (Groundball, 6S, EV 63.8 MPH)
|
| Top of the 5th over - 0 runs, 0 hits, 0 errors, 0 left on base; University of Alabama 3 - Mississippi State University 0 |
| BOTTOM OF THE 5TH |
|
Mississippi State University Bulldogs batting - Pitching for University of Alabama Crimson Tide : LHP Bei Tsung
|
|
Batting: RHB Bill Petipas
|
0-0: Ground out 6-3 (Groundball, 6, EV 80.0 MPH)
|
|
Batting: LHB Tom Ploughman
|
0-0: Called Strike 0-1: Fly out, F8 (Line Drive, 8RD, EV 92.5 MPH)
|
|
Batting: RHB Oscar Vargas
|
0-0: Called Strike 0-1: Swinging Strike 0-2: Ball 1-2: Ground out 5-3 (Groundball, 56, EV 110.0 MPH)
|
| Bottom of the 5th over - 0 runs, 0 hits, 0 errors, 0 left on base; University of Alabama 3 - Mississippi State University 0 |
| TOP OF THE 6TH |
|
University of Alabama Crimson Tide batting - Pitching for Mississippi State University Bulldogs : RHP Gary Gamble
|
|
Batting: RHB David Sanchez
|
0-0: Called Strike 0-1: Ball 1-1: Swinging Strike 1-2: Ball 2-2: Foul Ball, location: 2F 2-2: Foul Ball, location: 2F 2-2: Ball 3-2: Base on Balls
|
|
Batting: RHB B.J. Clark
|
0-0: Ball 1-0: Fly out, F8 (Flyball, 8RD, EV 103.8 MPH)
|
|
Batting: RHB Al Lara
|
0-0: Ball 1-0: Swinging Strike 1-1: Ball 2-1: Swinging Strike 2-2: Fielders Choice at 2nd, 6-4 (Groundball, 6, EV 84.4 MPH)
|
|
Pitching: RHP Chris Pearson
|
|
|
Batting: LHB Matt Barkley
|
0-0: Foul Ball, location: 2F 0-1: Ball 1-1: Foul Ball, location: 2F 1-2: Strikes out swinging
|
| Top of the 6th over - 0 runs, 0 hits, 0 errors, 1 left on base; University of Alabama 3 - Mississippi State University 0 |
| BOTTOM OF THE 6TH |
|
Mississippi State University Bulldogs batting - Pitching for University of Alabama Crimson Tide : LHP Bei Tsung
|
|
Batting: SHB Jim Rutherford
|
0-0: Ball 1-0: Ball 2-0: Swinging Strike 2-1: Ball 3-1: Base on Balls
|
|
Batting: RHB Logan Strassburg
|
0-0: Called Strike 0-1: Fly out, F7 (Flyball, 7, EV 91.9 MPH)
|
|
Batting: SHB Toshinori Shimabukuro
|
0-0: Ball 1-0: Swinging Strike 1-1: Ball 2-1: Fielders Choice at 2nd, 1-6 (Groundball, 34S, EV 76.2 MPH)
|
|
Pitching: RHP Alex Reiter
|
|
|
Batting: RHB Masahito Sunada
|
0-0: Called Strike 0-1: Called Strike 0-2: Ball Wild Pitch! Toshinori Shimabukuro to second 1-2: Strikes out swinging
|
| Bottom of the 6th over - 0 runs, 0 hits, 0 errors, 1 left on base; University of Alabama 3 - Mississippi State University 0 |
| TOP OF THE 7TH |
|
University of Alabama Crimson Tide batting - Pitching for Mississippi State University Bulldogs : RHP Chris Pearson
|
|
Batting: RHB Danny Jaramillo
|
0-0: Ball 1-0: SINGLE (Flyball, 8RM, EV 78.8 MPH)
|
|
Batting: RHB Hughie Withers
|
0-0: Ball 1-0: Bunt missed! 1-1: Sac Bunt to 5S - play at first, batter OUT! 5-4 Danny Jaramillo to second
|
|
Batting: LHB Platon Protopsaltis
|
0-0: Fly out, F9 (Flyball, 89M, EV 85.0 MPH)
|
|
Batting: RHB Jong-your Lee
|
0-0: Foul Ball, location: 2F 0-1: Ball 1-1: Ball 2-1: Ball 3-1: Base on Balls
|
|
Batting: RHB Danny Rosario
|
0-0: Called Strike 0-1: Single, Error in OF, E8, batter to second base (Groundball, 6MD, EV 108.8 MPH) Danny Jaramillo scores Jong-your Lee to third
|
|
Batting: RHB David Sanchez
|
0-0: Called Strike 0-1: Ball 1-1: Fly out, F7 (Flyball, 7, EV 84.4 MPH)
|
| Top of the 7th over - 1 run, 2 hits, 1 error, 2 left on base; University of Alabama 4 - Mississippi State University 0 |
| BOTTOM OF THE 7TH |
|
Mississippi State University Bulldogs batting - Pitching for University of Alabama Crimson Tide : RHP Alex Reiter
|
|
Batting: SHB Shou-xin Ouyang
|
0-0: Ball 1-0: Ball 2-0: Ground out 4-3 (Groundball, 4, EV 106.2 MPH)
|
|
Batting: RHB Karl Lukasiewicz
|
0-0: Ball 1-0: Ball 2-0: Called Strike 2-1: Fly out, F9 (Flyball, 89M, EV 87.5 MPH)
|
|
Batting: RHB Bill Petipas
|
0-0: Called Strike 0-1: Ball 1-1: Ball 2-1: Ball 3-1: Foul Ball, location: 2F 3-2: Foul Ball, location: 2F 3-2: Foul Ball, location: 2F 3-2: Fly out, F4 (Popup, 4S, EV 83.1 MPH)
|
| Bottom of the 7th over - 0 runs, 0 hits, 0 errors, 0 left on base; University of Alabama 4 - Mississippi State University 0 |
| TOP OF THE 8TH |
|
University of Alabama Crimson Tide batting - Pitching for Mississippi State University Bulldogs : RHP Chris Pearson
|
|
Pitching: RHP Julio Espana
|
|
|
Batting: RHB B.J. Clark
|
0-0: Swinging Strike 0-1: Swinging Strike 0-2: Ball 1-2: Ball 2-2: Foul Ball, location: 2F 2-2: Ball 3-2: Base on Balls
|
|
Batting: RHB Al Lara
|
0-0: Ball B.J. Clark steals 2nd base 1-0: Ball 2-0: Called Strike 2-1: Ball 3-1: Fly out, F7 (Line Drive, 7, EV 93.8 MPH)
|
|
Batting: LHB Matt Barkley
|
0-0: Swinging Strike 0-1: Ball 1-1: Ball 2-1: Foul Ball, location: 2F 2-2: Ball 3-2: SINGLE (Groundball, 4MS, EV 70.0 MPH) (infield hit) B.J. Clark to third
|
|
Batting: RHB Danny Jaramillo
|
0-0: Ball 1-0: SINGLE (Groundball, 6D, EV 98.1 MPH) B.J. Clark scores Matt Barkley to second
|
|
Batting: RHB Hughie Withers
|
0-0: Ball 1-0: Fielders Choice at 2nd, 6-4 (Groundball, 6M, EV 81.9 MPH) Matt Barkley to third
|
|
Batting: LHB Platon Protopsaltis
|
0-0: Called Strike Hughie Withers steals 2nd base 0-1: Swinging Strike 0-2: Ball 1-2: Ball 2-2: Ground out 4-3 (Groundball, 4, EV 80.0 MPH)
|
| Top of the 8th over - 1 run, 2 hits, 0 errors, 2 left on base; University of Alabama 5 - Mississippi State University 0 |
| BOTTOM OF THE 8TH |
|
Mississippi State University Bulldogs batting - Pitching for University of Alabama Crimson Tide : RHP Alex Reiter
|
|
Batting: LHB Tom Ploughman
|
0-0: Called Strike 0-1: Foul Ball, location: 2F 0-2: Foul Ball, location: 2F 0-2: Ball 1-2: Strikes out swinging
|
|
Batting: RHB Oscar Vargas
|
0-0: Ball 1-0: Ball 2-0: Called Strike 2-1: Ball 3-1: Swinging Strike 3-2: Foul Ball, location: 2F 3-2: Strikes out swinging
|
|
Batting: SHB Jim Rutherford
|
0-0: Ball 1-0: Ground out 4-3 (Groundball, 4, EV 101.9 MPH)
|
| Bottom of the 8th over - 0 runs, 0 hits, 0 errors, 0 left on base; University of Alabama 5 - Mississippi State University 0 |
| TOP OF THE 9TH |
|
University of Alabama Crimson Tide batting - Pitching for Mississippi State University Bulldogs : RHP Julio Espana
|
|
Batting: RHB Jong-your Lee
|
0-0: Ball 1-0: SINGLE (Line Drive, 34D, EV 96.9 MPH)
|
|
Batting: RHB Danny Rosario
|
0-0: Called Strike Jong-your Lee steals 2nd base (no throw) 0-1: Ball 1-1: Called Strike 1-2: Ball 2-2: Foul Ball, location: 2F 2-2: Strikes out swinging
|
|
Batting: RHB David Sanchez
|
0-0: Called Strike Jong-your Lee steals 3rd base 0-1: Called Strike 0-2: Strikes out looking
|
|
Batting: RHB B.J. Clark
|
0-0: Ball 1-0: Called Strike 1-1: Swinging Strike 1-2: Ball 2-2: Ball 3-2: Fly out, F4 (Popup, 34S, EV 76.2 MPH)
|
| Top of the 9th over - 0 runs, 1 hit, 0 errors, 1 left on base; University of Alabama 5 - Mississippi State University 0 |
| BOTTOM OF THE 9TH |
|
Mississippi State University Bulldogs batting - Pitching for University of Alabama Crimson Tide : RHP Alex Reiter
|
|
Batting: RHB Logan Strassburg
|
0-0: SINGLE (Flyball, 3D, EV 91.9 MPH)
|
|
Batting: SHB Toshinori Shimabukuro
|
0-0: Ball 1-0: Ball 2-0: Fly out, F9 (Flyball, 9, EV 83.1 MPH)
|
|
Batting: RHB Masahito Sunada
|
0-0: Ball 1-0: SINGLE (Line Drive, 7LS, EV 93.1 MPH) Logan Strassburg to second
|
|
Batting: SHB Shou-xin Ouyang
|
0-0: Fly out, F8 (Flyball, 8RS, EV 85.0 MPH)
|
|
Batting: RHB Karl Lukasiewicz
|
0-0: Swinging Strike 0-1: Called Strike 0-2: Strikes out swinging
|
| Bottom of the 9th over - 0 runs, 2 hits, 0 errors, 2 left on base; University of Alabama 5 - Mississippi State University 0 |
|